 Dungeon Crawl Stone Soup version 0.29.1-15-g9cfb28693d (webtiles) character file.

Game seed: 14502073983504588288

742 protoss039 the Digger (level 7, -6/51 HPs)
             Began as a Demonspawn Earth Elementalist on Mar 8, 2023.
             Killed by divine providence
             ... invoked by an orc priest
              (15 damage)
             ... on level 4 of the Dungeon.
             The game lasted 00:06:00 (4642 turns).

protoss039 the Digger (DsEE)                        Turns: 4642, Time: 00:06:01

Health: -6/51      AC: 11    Str:  8    XL:     7   Next: 47%
Magic:  0/12       EV:  8    Int: 18    God:
Gold:   210        SH:  9    Dex: 14    Spells: 7/13 levels left

rFire   . . .      SeeInvis .   j - +0 dagger
rCold   . . .      Faith    .   x - +2 kite shield
rNeg    . . .      Spirit   .   l - +0 ring mail
rPois   .          Reflect  .   r - +0 helmet
rElec   .          Harm     .   p - +0 cloak
rCorr   .          Rampage  .   (no gloves)
Will    .....                   d - +0 pair of boots
Stlth   ++........              (no amulet)
HPRegen 0.17/turn               (no ring)
MPRegen 0.13/turn               (no ring)

@: no status effects
A: icy blue scales 2, demonic magic 1
a: no special abilities


You were on level 4 of the Dungeon.
You visited 1 branch of the dungeon, and saw 4 of its levels.

You collected 210 gold pieces.

Inventory:

Hand Weapons
 j - a +0 dagger (weapon)
Missiles
 s - a throwing net
Armour
 d - a +0 pair of boots (worn)
 l - a +0 ring mail (worn)
 p - a +0 cloak (worn)
 r - a +0 helmet (worn)
 x - a +2 kite shield (worn)
Scrolls
 c - a scroll of blinking {unknown}
 i - a scroll of magic mapping {unknown}
 k - 2 scrolls of enchant weapon {unknown}
 m - a scroll of noise {unknown}
 o - 2 scrolls of identify {unknown}
 t - a scroll of fog {unknown}
 w - a scroll of fear {unknown}
 y - a scroll of poison {unknown}
Potions
 a - 2 potions of might {unknown}
 b - 2 potions of magic
 e - a potion of curing {unknown}
 f - a potion of berserk rage {unknown}
 g - 2 potions of attraction {unknown}
 h - a potion of invisibility {unknown}
 n - a potion of mutation {unknown}
 q - a potion of haste {unknown}
 u - a potion of resistance {unknown}
 v - a potion of ambrosia {unknown}
 z - a potion of heal wounds {unknown}


   Skills:
 * Level 2.5 Fighting
 + Level 1.5 Armour
 - Level 2.9 Dodging
 - Level 3.1 Stealth
 + Level 1.3 Shields
 + Level 3.6 Spellcasting
 + Level 1.7 Conjurations
 - Level 3.0 Transmutations
 + Level 4.0 Earth Magic


You had 7 spell levels left.
You knew the following spells:

 Your Spells              Type           Power      Damage    Failure   Level
a - Sandblast             Erth           34%        2d9       30%         1
b - Passwall              Tmut/Erth      12%        N/A       50%         2
c - Stone Arrow           Conj/Erth      26%        3d8       82%         3

Your spell library contained the following spells:

 Spells                   Type           Power      Damage    Failure   Level
 Petrify                  Tmut/Erth      15%        N/A       98%         4
 Olgreb's Toxic Radiance  Pois           3%         N/A       100%        4
 Ozocubu's Refrigeration  Ice            1%         4d7       100%        7
 Ignition                 Fire           1%         3d3       100%        8


Dungeon Overview and Level Annotations

Branches:
Dungeon (4/15) Zot: 19268
 Temple: D:4-7

Altars:
Makhleb


Innate Abilities, Weirdness & Mutations

You are mostly covered in icy blue scales. (AC +3)
Spells you cast may paralyse adjacent enemies.


Message History

Malevolent energies surge around you.
The orc priest invokes the aid of Beogh against you.
Beogh smites you!
* * * LOW HITPOINT WARNING * * *
Casting: Sandblast (safe; 30% risk of failure)
Confirm with . or Enter, or press ? or * to list all spells.
Aiming: Sandblast (safe; 30% risk of failure)
Press: ? - help, Shift-Dir - straight line, f/p - orc priest
Aim: an orc priest, wielding a +0 hand axe and wearing a +0 chain mail (87% to hit)
The blast of sand misses the orc priest.
The blast of sand hits the orc.
The orc is lightly wounded.
Malevolent energies surge around you.
The orc priest looks braver for a moment.
You block the orc priest's attack.
Press: ? - help, v - describe, . - travel, g - get item
Here: an orc priest, wielding a +0 hand axe and wearing a +0 chain mail
Items here: )))) [[[[ ††.
The floor.
Casting: Sandblast (safe; 30% risk of failure)
Confirm with . or Enter, or press ? or * to list all spells.
Aiming: Sandblast (safe; 30% risk of failure)
Press: ? - help, Shift-Dir - straight line, f/p - orc priest
Aim: an orc priest, wielding a +0 hand axe and wearing a +0 chain mail (87% to hit)
The blast of sand hits the orc priest but does no damage.
Malevolent energies surge around you.
The orc priest suddenly stops moving!
The helpless orc priest fails to defend itself.
You hit the orc priest but do no damage.
The helpless orc priest fails to defend itself.
You puncture the orc priest!
The orc priest is heavily wounded.
The orc priest is no longer paralysed.
The orc priest mumbles some strange prayers to Beogh against you.
You struggle to resist.
The orc priest calls down the wrath of Beogh upon you.
Pain shoots through your body!
* * * LOW HITPOINT WARNING * * *
The orc priest mumbles some strange prayers to Beogh against you.
Beogh smites you!
You die...

#.#
.#####
#..
......
#.#
#####
#)# #)#
#o# #o#
#.# #@#
#.#
####
#.#
#.(.
#.#
#.##
#.# #.#
#.# #.#
##.####
#.#
#.....#
#.##
#...#.#
#...


You could see an orc priest and an orc.

Vanquished Creatures
  3 black bears (D:4)
  A sky beast (D:4)
  A scorpion (D:4)
  A jelly (D:4)
  A gnoll bouda (D:3)
  An orc priest (D:4)
  An iguana (D:4)
  2 orc wizards (D:4)
  6 gnolls
  An adder (D:4)
  3 worms
  2 dart slugs
  13 orcs
  6 ball pythons
  4 endoplasms
  A giant cockroach (D:4)
  4 goblins
  4 hobgoblins
  5 jackals (D:3)
  8 kobolds
  5 quokkas
  3 bats
  2 frilled lizards
  5 rats
83 creatures vanquished.

Notes
Turn   | Place    | Note
-------+----------+-------------------------------------------
     0 | D:1      | protoss039 the Demonspawn Earth Elementalist began the
                  | quest for the Orb.
     0 | D:1      | Reached XP level 1. HP: 13/13 MP: 3/3
    24 | D:1      | Reached skill level 1 in Transmutations
    24 | D:1      | Gained mutation: You are partially covered in icy blue
                  | scales. (AC +2) [demonic ancestry]
    24 | D:1      | Reached XP level 2. HP: 19/19 MP: 0/5
   554 | D:1      | Reached skill level 3 in Earth Magic
   554 | D:1      | Reached XP level 3. HP: 24/24 MP: 1/6
   627 | D:1      | Found a faded altar of an unknown god.
   995 | D:1      | Learned a level 2 spell: Passwall
  1632 | D:2      | Learned a level 3 spell: Stone Arrow
  2174 | D:3      | Gained mutation: You are mostly covered in icy blue scales.
                  | (AC +3) [demonic ancestry]
  2174 | D:3      | Reached XP level 4. HP: 30/30 MP: 5/7
  3203 | D:3      | Gained mutation: Spells you cast may paralyse adjacent
                  | enemies. [demonic ancestry]
  3203 | D:3      | Reached XP level 5. HP: 28/35 MP: 4/9
  3268 | D:4      | Noticed a black bear
  3282 | D:4      | Killed a black bear
  3519 | D:4      | Found a burning altar of Makhleb.
  3649 | D:4      | Noticed a black bear
  3657 | D:4      | Killed a black bear
  3658 | D:4      | Reached XP level 6. HP: 42/42 MP: 4/10
  3663 | D:4      | Reached skill level 1 in Fighting
  3790 | D:4      | Reached skill level 1 in Conjurations
  4085 | D:4      | Reached skill level 1 in Armour
  4085 | D:4      | Reached XP level 7. HP: 48/49 MP: 5/12
  4123 | D:4      | Reached skill level 1 in Shields
  4544 | D:4      | Reached skill level 4 in Earth Magic
  4642 | D:4      | Killed from afar by an orc priest

Illustrated notes

Levels and vault maps discovered:
D:1:      minmay_arrival_jagged, layout_basic, ebering_ecumenical_altar_hall,
          minmay_misc_feat_encased
D:2:      layout_basic
D:3:      layout_loops_ring
D:4:      layout_loops_ring, bloody_makhleb

Skill      XL: |  1  2  3  4  5  6  7 |
---------------+----------------------+-----
Stealth        | 2 3 |  3.1
Transmutations | 1 2 3 |  3.0
Dodging        | 2 |  2.9
Earth Magic    | 3 4 |  4.0
Spellcasting   | 3 |  3.6
Fighting       | 1 2 |  2.5
Conjurations   | 1 |  1.7
Armour         | 1 |  1.5
Shields        | 1 |  1.3

Action                   |  1- 3 |  4- 6 |  7- 9 || total
-------------------------+-------+-------+-------++-------
Melee: Flail             |     7 |       |       ||     7
       Unarmed           |     3 |       |       ||     3
       Dagger            |    39 |    24 |    34 ||    97
       Punch             |       |     1 |       ||     1
 Cast: Sandblast         |    48 |    67 |    31 ||   146
 Stab: Sleeping          |     1 |       |       ||     1
       Paralysed         |       |     5 |     3 ||     8
Armor: Robe              |     8 |       |       ||     8
       Ring mail         |    30 |    57 |    35 ||   122
Dodge: Dodged            |    40 |    48 |     7 ||    95
Block: Kite shield       |       |    17 |    16 ||    33
